 Dungeon Crawl Stone Soup version 0.27.1-33-g824d729ab1 (webtiles) character file.

Game seed: 7139272616735308984

10 zeram the Sneak (level 2, 0/14 HPs)
             Began as a Spriggan Brigand on Dec 28, 2021.
             Succumbed to a goblin's poison
             ... on level 1 of the Dungeon.
             The game lasted 00:00:45 (783 turns).

zeram the Sneak (Spriggan Brigand)                   Turns: 783, Time: 00:00:46

Health: 0/14       AC:  3    Str:  7    XL:     2   Next: 10%
Magic:  3/3        EV: 17    Int: 12    God:
Gold:   13         SH:  0    Dex: 16    Spells: 1/1 levels left

rFire    . . .     SeeInvis +   a - +2 dagger
rCold    . . .     Faith    .   (shield restricted)
rNeg     . . .     Spirit   .   b - +0 robe
rPois    .         Reflect  .   (helmet restricted)
rElec    .         Harm     .   c - +0 cloak
rCorr    .         Rampage  .   (gloves unavailable)
Will     .....                  (boots unavailable)
Stlth    +++.......             (no amulet)
HPRegen  0.04/turn              (no ring)
MPRegen  0.08/turn              (no ring)

@: lethally poisoned (0 -> -9), very quick
A: very small, no large weapons, unfitting armour, see invisible, speed 3
a: no special abilities


You were on level 1 of the Dungeon.
You visited 1 branch of the dungeon, and saw 1 of its levels.

You collected 13 gold pieces.

Inventory:

Hand Weapons
 a - a +2 dagger (weapon)
Missiles
 d - 8 poisoned darts (quivered)
 e - 2 curare-tipped darts
Armour
 b - a +0 robe (worn)
 c - a +0 cloak (worn)
Scrolls
 g - 3 scrolls of immolation {unknown}
 h - a scroll of silence {unknown}
 i - a scroll of summoning {unknown}
 j - a scroll of identify {unknown}


   Skills:
 - Level 1.5 Fighting
 - Level 2.1 Short Blades
 - Level 2.0 Throwing
 + Level 3.0 Dodging
 - Level 5.8 Stealth


You had one spell level left.
You didn't know any spells.
Your spell library was empty.

Dungeon Overview and Level Annotations

Branches:
Dungeon (1/15)

Altars:

Shops:
D:1 *


Innate Abilities, Weirdness & Mutations

You are very small and have problems with some larger weapons.
You are too small for most types of armour.
You have supernaturally acute eyesight. (SInv)
You cover ground extremely quickly. (Speed+++)


Message History

There is an open door here.
You reach down and close the door.
You start resting.
You are starting to lose your buoyancy.
You start resting.
You float gracefully downwards.
You start resting.
HP restored.
You open the door.
There is an open door here.
You see here a jackal skeleton.
You see here a +0 dagger.
There is an entrance to Uggek's General Store here.
You can access your shopping list by pressing '$'.
Found a stone staircase leading down.
A goblin comes into view. It is wielding a +0 dagger of venom.
A goblin is nearby!
A goblin is nearby!
A goblin is nearby!
A rat comes into view.
The goblin shouts!
A jackal comes into view.
The jackal barks!
You closely miss the goblin. The goblin hits you but does no damage.
You are poisoned.
The jackal barks! x2
You hit the goblin.
The goblin is severely wounded.
You feel very sick. The goblin hits you but does no damage.
You are lethally poisoned!
The jackal barely misses you.
You feel sick.
You feel sick.
You feel sick.
* * * LOW HITPOINT WARNING * * *
You feel sick.
* * * LOW HITPOINT WARNING * * *
You feel sick.
You die...

..... #### #...# #.......#
...# ###...# .......# ...#
#.....#######.#....#+##
...###.#........##.........#
....÷.÷.........'....>.....#
...##)..........# #.#......###
...##..∩........###.g.........
...##...........@..hh.h....#
...##................r........
...##.........................
...###.####.....#######.......
#### #.# #......# ....... ###
#.# #......# ....... ..# #.#
###....# ....... ..####.#
###### ....... .......#


You could see 3 jackals, a goblin and a rat.

Vanquished Creatures
  An endoplasm (D:1)
  2 goblins (D:1)
  A jackal (D:1)
  A kobold (D:1)
  A bat (D:1)
  2 frilled lizards (D:1)
  2 rats (D:1)
10 creatures vanquished.

Notes
Turn   | Place    | Note
-------+----------+-------------------------------------------
     0 | D:1      | zeram the Spriggan Brigand began the quest for the Orb.
     0 | D:1      | Reached XP level 1. HP: 10/10 MP: 2/2
   362 | D:1      | Found a faded altar of an unknown god.
   433 | D:1      | Found Uggek's General Store.
   441 | D:1      | Reached XP level 2. HP: 14/14 MP: 3/3
   783 | D:1      | Succumbed to a goblin's poison

Illustrated notes

Levels and vault maps discovered:
D:1:      sevenhm_arrival_forest_fort_large_2, layout_basic, serial_shops, shop,
          shop, hellmonk_ecumenical_altar_crossroads

Skill      XL: |  1  2 |
---------------+-------+-----
Dodging        | 2 3 |  3.0
Fighting       | |  1.5
Short Blades   | |  2.1
Throwing       | |  2.0
Stealth        | |  5.8

Action                   || total
-------------------------++-------
Melee: Dagger            ||    35
  Use: Potion            ||     1
 Stab: Sleeping          ||     1
Armor: Robe              ||     8
Dodge: Dodged            ||    43
